 Dungeon Crawl Stone Soup version 0.31-a0-366-ga77b45bd9b (webtiles) character file.

Game seed: 17937472925099230803

43 AdnanSaban the Shield-Bearer (level 3, -1/23 HPs)
             Began as a Gargoyle Fighter on July 28, 2023.
             Slain by Sigmund
             ... wielding a +5 scythe of flaming
              (4 damage)
             ... on level 2 of the Dungeon.
             The game lasted 00:01:03 (1202 turns).

AdnanSaban the Shield-Bearer (Gargoyle Fighter)     Turns: 1202, Time: 00:01:03

Health: -1/23      AC: 10    Str: 21    XL:     3   Next: 58%
Magic:  3/3        EV:  9    Int:  8    God:
Gold:   89         SH:  4    Dex:  9    Spells: 2/2 levels left

rFire   . . .        a - +0 flail
rCold   . . .        c - +0 buckler
rNeg    + . .        b - +0 scale mail
rPois   ∞            (no helmet)
rElec   +            (no cloak)
rCorr   .            (no gloves)
SInv    .            (no boots)
Will    .....        (no amulet) Stlth
                     (no ring)
HPRegen 0.23/turn    (no ring)
MPRegen 0.08/turn

%: no passive effects
@: no status effects
A: sickness immunity, AC +3, negative energy resistance 1, electricity
resistance, torment resistance 1, petrification resistance
a: no special abilities


You were on level 2 of the Dungeon.
You visited 1 branch of the dungeon, and saw 2 of its levels.

You collected 89 gold pieces.

Inventory:

Hand Weapons
 a - a +0 flail (weapon)
Armour
 b - a +0 scale mail (worn)
 c - a +0 buckler (worn)
Scrolls
 e - a scroll of identify {unknown}
 g - a scroll of immolation {unknown}
 h - a scroll of blinking {unknown}
Potions
 d - 3 potions of might
 f - a potion of curing {unknown}


   Skills:
 + Level 3.5 Fighting
 + Level 2.6 Maces & Flails
 + Level 3.7 Armour
 + Level 0.6 Dodging
 + Level 3.7 Shields


You had 2 spell levels left.
You didn't know any spells.
Your spell library contained the following spells:

 Spells                   Type           Power      Damage    Failure   Level
 Freeze                   Ice            0%         1d3       82%         1
 Ignite Poison            Fire/Tmut/Pois 0%         N/A       99%         3
 Summon Ice Beast         Ice/Summ       0%         N/A       100%        4
 Ozocubu's Refrigeration  Ice            0%         4d7       100%        7


Dungeon Overview and Level Annotations

Branches:
Dungeon (2/15)

Altars:

Annotations:
D:2 Sigmund


Innate Abilities, Weirdness & Mutations

You are immune to sickness and miasma.
Your stone body is resilient. (AC +3)
You are immune to poison.
You resist negative energy. (rN+)
You are resistant to electric shocks. (rElec)
You are resistant to unholy torment.
You are immune to petrification.


Message History

No target in view!
A kobold comes into view. It is wielding a +0 short sword.
A kobold is nearby!
The kobold shouts!
The kobold throws a stone.
You block the stone.
You see here a worm corpse.
The kobold barely misses you.
You closely miss the kobold. The kobold hits you but does no damage.
You hit the kobold.
You kill the kobold!
No target in view!
No target in view!
No target in view!
No target in view!
No target in view!
No target in view!
No target in view!
No target in view!
No target in view!
No target in view!
Sigmund the Dreaded comes into view.
He is wielding a +5 scythe of flaming.
Sigmund shouts!
Sigmund points at you and mumbles some strange words.
You resist with significant effort.
Sigmund is nearby!
You see here a scroll labelled ZIDIAH OFOHYJU.
Found a stone staircase leading down.
Sigmund barely misses you.
You hit Sigmund.
Sigmund is lightly wounded.
Sigmund gestures wildly while chanting.
Sigmund flickers and vanishes!
Deactivating autopickup; reactivate with Ctrl-A.
You closely miss something. Something hits you. Something burns you.
You barely miss something. Something hits you. Something burns you.
You miss something. Something hits you!
Ouch! That really hurt!
* * * LOW HITPOINT WARNING * * *
Something burns you.
You die...

# ###.#.# #. #.#.#
#.####+#.#
#........#
#.....†..####
##...........#
.............## #
..............#..#
.......)..?.@{...#
..#.......###.##.#
..........# ...
...####.#.# ###>.
##. #.#.. ... #
#.#### ## #.. ..


There were no monsters in sight!

Vanquished Creatures
  A worm (D:2)
  3 endoplasms (D:1)
  5 giant cockroaches (D:1)
  3 goblins (D:1)
  2 hobgoblins (D:1)
  3 quokkas (D:1)
  4 ball pythons (D:1)
  4 bats
  4 kobolds
  6 rats
35 creatures vanquished.

Notes
Turn   | Place    | Note
-------+----------+-------------------------------------------
     0 | D:1      | AdnanSaban the Gargoyle Fighter began the quest for the
                  | Orb.
     0 | D:1      | Reached XP level 1. HP: 14/14 MP: 1/1
    57 | D:1      | Got the Directory of Torrid Firn
   178 | D:1      | Reached XP level 2. HP: 19/19 MP: 2/2
   385 | D:1      | Found a faded altar of an unknown god.
   392 | D:1      | Reached XP level 3. HP: 23/23 MP: 3/3
  1194 | D:2      | Noticed Sigmund
  1202 | D:2      | Slain by Sigmund

Illustrated notes

Levels and vault maps discovered:
D:1:      eino_arrival_tree_alley, layout_basic,
          ebering_ecumenical_altar_abandoned, minmay_worlds_worst_comb
D:2:      cheibrodos_helix_gallery, layout_basic, basic_altar,
          grunt_ministairs_9, minmay_heptomino_w4, uniq_natasha, uniq_sigmund

Action                     || total
---------------------------++-------
  Melee: Flail             ||   142
 Armour: Scale mail        ||    71
  Dodge: Dodged            ||    76
  Block: Buckler           ||    39

Table legend: (Time is in decaauts)
 A = Elapsed time spent in this place.
 B = Non-inter-level travel time spent in this place.
 C = Inter-level travel time spent in this place.
 D = Time resting spent in this place.
 E = Time spent auto-exploring this place.
 F = Levels seen in this place.
 G = Mean time per level.
                   A        B        C        D        E       F      G
               +--------+--------+--------+--------+--------+-----+--------+
         Total |   1246 |   1229 |     17 |      0 |    934 |   2 |  623.0 |
       Dungeon |   1246 |   1229 |     17 |      0 |    934 |   2 |  623.0 |
               +--------+--------+--------+--------+--------+-----+--------+

Top non-repeatable levels by time:
     D:1: 1131 daAuts
     D:2: 115 daAuts
